 Dungeon Crawl Stone Soup version 0.30.1-3-gfc49f6343a (webtiles) character file.

Game seed: 3206963444162612665

121 booth the Ducker (level 5, -6/35 HPs)
             Began as a Djinni Fire Elementalist on July 27, 2023.
             Splashed by a jelly's acid (9 damage)
             ... on level 2 of the Dungeon.
             The game lasted 00:12:33 (1547 turns).

booth the Ducker (Djinni Fire Elementalist)         Turns: 1547, Time: 00:12:33

Health: -6/35      AC: -2    Str: 13    XL:     5   Next: 26%
Gold:   97         EV: 13    Int: 18    God:
                   SH:  0    Dex: 14

rFire   + + .        k - +2 whip (freeze)
rCold   x . .        (no shield)
rNeg    . . .        a - +0 robe
rPois   ∞            (no helmet)
rElec   .            (no cloak)
rCorr   .            (no gloves)
SInv    .            (boots unavailable)
Will    .....        (no amulet)
Stlth   ++           c - +6 ring of strength
HPRegen 0.25/turn    (no ring)
MPRegen 0.00/turn

%: infuse magic (-7 HP)
@: corroded, flying
A: sickness immunity, fire resistance 2, cold vulnerability 1, float, innate
caster, HP casting, extra vitality 1
a: no special abilities


You were on level 2 of the Dungeon.
You visited 1 branch of the dungeon, and saw 2 of its levels.

You collected 97 gold pieces.

Inventory:

Hand Weapons
 j - a +0 dagger
 k - a +2 whip of freezing (weapon)
 n - a +1 vampiric short sword
 p - a +1 short sword of holy wrath
Missiles
 g - 4 curare-tipped darts (quivered)
 m - 2 throwing nets
Armour
 a - a +0 robe (worn)
 i - a scarf of shadows
Jewellery
 c - a +6 ring of strength (left hand)
Wands
 l - a wand of flame (14)
Scrolls
 b - a scroll of blinking {unknown}
 d - 4 scrolls of teleportation
 e - a scroll of poison
 h - a scroll of noise {unknown}
 o - a scroll of amnesia {unknown}
Potions
 f - a potion of brilliance


   Skills:
 + Level 3.6 Dodging
 + Level 2.8 Stealth
 + Level 3.1 Spellcasting


You knew the following spells:

 Your Spells              Type           Power      Damage    Failure   Level
a - Foxfire               Conj/Fire      56%        2x1d6     4%          1
b - Scorch                Fire           28%        2d6       7%          2
c - Volatile Blastmotes   Fire/Tloc      28%        2d12      13%         3
d - Inner Flame           Hex/Fire       14%        N/A       13%         3
e - Flame Wave            Conj/Fire      14%        2d6       41%         4
f - Sandblast             Erth           28%        2d8       4%          1
g - Momentum Strike       Conj/Tloc      28%        3d8       7%          2
Your spell library was empty.

Dungeon Overview and Level Annotations

Branches:
Dungeon (2/15)

Altars:


Innate Abilities, Weirdness & Mutations

You are immune to sickness and miasma.
You are immune to poison.
Your flesh is very heat resistant. (rF++)
You are vulnerable to cold. (rC-)
You float through the air rather than walking.
You learn spells naturally, not from books.
Your magical power is your life essence.
You have superior vitality. (+4 MHP)


Message History

a +0 club; a kobold skeleton
There is an open gate here.
h - a scroll labelled VIYGRAFATYA You see here a +0 broad axe.
You reach down and open the door.
There is an open door here.
A kobold comes into view. It is wielding a +0 dagger.
The kobold shouts!
Casting: Foxfire (safe; 4% risk of failure)
Confirm with . or Enter, or press ? or * to list all spells.
You conjure some foxfire!
The foxfire hits the kobold.
You kill the kobold!
Things that are here:
a +0 dagger; a kobold corpse As you open the door, it creaks loudly! 3 endoplasms come into view.
The endoplasm quivers. x2
A jelly comes into view.
Found a bat skeleton.
The jelly quivers.
You hit the jelly. You freeze the jelly. The acid corrodes you!
Your hands burn!
The jelly is moderately wounded.
The jelly closely misses you. The jelly hits you. The acid corrodes you!
You are splashed with acid!
You hit the jelly. You freeze the jelly.
Your hands burn!
The jelly is almost dead.
The jelly hits you.
You are splashed with acid!
* * * LOW HITPOINT WARNING * * *
Casting: Foxfire (safe; 4% risk of failure)
Confirm with . or Enter, or press ? or * to list all spells.
The spell is quite dangerous to miscast (13% risk of failure)!
Continue anyway?
A cloud of volatile blastmotes flares up around you!
* * * LOW HITPOINT WARNING * * *
The jelly closely misses you. The jelly attacks as you move away!
The jelly hits you.
* * * LOW HITPOINT WARNING * * *
You are splashed with acid!
You die...

##.....##
#.....).#
#.......#
#.......#
#[......#
####....#
##..'....#
#.########
##..).@J#
#######J#
..# P.#


JJ# ..# ..# P.# You could see a jelly and an endoplasm.

Vanquished Creatures
  7 gnolls (D:2)
  2 adders (D:2)
  A dart slug (D:1)
  2 ball pythons
  3 endoplasms
  3 hobgoblins (D:1)
  2 bats (D:1)
  4 frilled lizards (D:1)
  A goblin (D:2)
  11 kobolds
  3 rats
39 creatures vanquished.

Vanquished Creatures (others)
  72 foxfires
72 creatures vanquished.

Grand Total: 111 creatures vanquished

Notes
Turn   | Place    | Note
-------+----------+-------------------------------------------
     0 | D:1      | booth the Djinni Fire Elementalist began the quest for the
                  | Orb.
     0 | D:1      | booth set off with the following spells memorised: Foxfire,
                  | Scorch, Volatile Blastmotes, Inner Flame, Flame Wave.
     0 | D:1      | Reached XP level 1. HP: 15/15 MP: 0/0
   296 | D:1      | Reached XP level 2. HP: 21/21 MP: 0/0
   573 | D:1      | You are sucked into a shaft and drop 1 floor!
   724 | D:2      | Reached XP level 3. HP: 25/25 MP: 0/0
   724 | D:2      | Learned a level 1 spell: Sandblast
   862 | D:2      | Reached XP level 4. HP: 19/31 MP: 0/0
  1042 | D:2      | Reached XP level 5. HP: 23/35 MP: 0/0
  1042 | D:2      | Learned a level 2 spell: Momentum Strike
  1232 | D:2      | HP: 1/35 [kobold/+0 whip (2)]
  1547 | D:2      | Splashed by a jelly's acid

Illustrated notes

Levels and vault maps discovered:
D:1:      ebering_trefoil_3fold, layout_rooms
D:2:      cheibrodos_fertilizer, layout_basic, skrybe_limestone_x

Skill      XL: |  1  2  3  4 |
---------------+-------------+-----
Stealth        | 2 |  2.8
Dodging        | 3 |  3.6
Spellcasting   | 3 |  3.1

Action                     |  1- 3 |  4- 6 || total
---------------------------+-------+-------++-------
  Melee: Unarmed           |    10 |       ||    10
         Whip              |     6 |    18 ||    24
         Punch             |     1 |       ||     1
  Throw: Dart              |       |     3 ||     3
   Cast: Foxfire           |    30 |    14 ||    44
         Scorch            |     6 |     6 ||    12
         Volatile Blastmot |       |     3 ||     3
  Evoke: Wand              |       |     1 ||     1
    Use: Scroll            |     4 |       ||     4
         Potion            |     1 |     2 ||     3
 Armour: Robe              |     3 |     4 ||     7
         Skin              |       |     2 ||     2
  Dodge: Dodged            |    17 |    21 ||    38
